 Dungeon Crawl Stone Soup version 0.19.3-4-gbf9329e (webtiles) character file.

15227 Chiseanne the Protected (level 11, -16/86 HPs)
             Began as a Mummy Wanderer on Jan 30, 2017.
             Was an Initiate of Gozag.
             Demolished by an ogre
             ... wielding a +0 giant club
              (28 damage)
             ... on level 11 of the Dungeon.
             The game lasted 00:48:40 (15875 turns).

Chiseanne the Protected (Mummy Wanderer)           Turns: 15875, Time: 00:48:41

Health: -16/86     AC:  7    Str: 25      XL:     11   Next: 99%
Magic:  12/18      EV: 16    Int: 19      God:    Gozag
Gold:   540        SH:  0    Dex: 10 (11) Spells: 2 memorised, 16 levels left

rFire  . . .     SeeInvis +     a - +5 whip (elec)
rCold  . . .     Gourm    .     L - +0 robe "Ycino" {Int+4}
rNeg   + + +     Faith    .     (no shield)
rPois  ∞         Spirit   .     K - +2 hat {Int+3}
rElec  .         Reflect  .     c - +0 cloak "Emecsepi" {Str+9 Dex-3 SInv}
rCorr  +         Harm     .     (no gloves)
MR     +....                    F - +0 pair of boots
Stlth  +.........               (no amulet)
                                z - ring of fire
                                o - ring of resist corrosion

@: about to teleport, very slightly contaminated
A: no food or potions, fire vulnerability, cold resistance 1, negative energy
resistance 3, torment resistance, unbreathing
a: Potion Petition, Call Merchant, Bribe Branch, Renounce Religion


You were on level 11 of the Dungeon.
You worshipped Gozag.
Gozag was pleased with you.
You were not hungry.

You visited 2 branches of the dungeon, and saw 12 of its levels.
You also visited: Sewer.

You collected 1863 gold pieces.
You spent 478 gold pieces at shops.
You paid 845 gold pieces to Gozag.

Inventory:

Hand Weapons
 a - a +5 whip of electrocution (weapon)
 g - the +7 whip "Wownoggi" {venom, *Corrode MR- Int+8}
   (You found it on level 6 of the Dungeon)

   It poisons the flesh of those it strikes.
   It affects your intelligence (+8).
   It affects your resistance to hostile enchantments.
   It may corrode you when you take damage.
 q - a +2 dagger of venom
 s - a +2 flail of protection
 w - a +4 hunting sling of flaming
 B - a +3 trident of venom
 E - a +2 scimitar of flaming
Missiles
 e - 334 stones (quivered)
 f - 82 bolts
 i - 2 tomahawks of dispersal
 j - 17 tomahawks
 k - 218 arrows
 n - 3 tomahawks of returning
 r - a throwing net
 y - 58 poisoned needles
 A - 6 silver tomahawks
 C - 85 sling bullets
Armour
 c - the +0 cloak "Emecsepi" (worn) {Str+9 Dex-3 SInv}
   (You found it on level 6 of the Dungeon)

   It affects your strength (+9).
   It affects your dexterity (-3).
   It lets you see invisible.
 D - the +1 chain mail of Whack-A-Mole {*Corrode Int+6 Stlth+}
   (You found it on level 9 of the Dungeon)

   It affects your intelligence (+6).
   It may corrode you when you take damage.
   It makes you more stealthy.
 F - a +0 pair of boots (worn)
 G - a +3 chain mail
 H - the +1 robe of Autumn {+Inv MR++ Dex-3}
   (You bought it in a shop on level 9 of the Dungeon)

   It affects your dexterity (-3).
   It affects your resistance to hostile enchantments.
   It lets you turn invisible.
 K - a +2 hat of intelligence (worn)
 L - the +0 robe "Ycino" (worn) {Int+4}
   (You bought it in a shop on level 9 of the Dungeon)

   It affects your intelligence (+4).
Magical Staves
 u - an uncursed staff of energy
Jewellery
 o - a ring of resist corrosion (left hand)
 z - a ring of fire (right hand)
Wands
 l - a wand of polymorph (0/24)
 t - a wand of slowing (0/48)
Scrolls
 p - 3 scrolls of teleportation
 v - a scroll of fog {unknown}
 x - 2 scrolls of amnesia
 I - 2 scrolls of recharging
 J - a scroll of identify
 N - 3 scrolls of remove curse
Books
 b - Jeiblionk's Compendium of Evil

   Spells                             Type                      Level
   a - Pain                           Necromancy                   1
   b - Vampiric Draining              Necromancy                   3
 d - a book of Cantrips

   Spells                             Type                      Level
   a - Confusing Touch                Hexes                        1
   b - Animate Skeleton               Necromancy                   1
   c - Summon Small Mammal            Summoning                    1
   d - Apportation                    Translocation                1
 h - a book of Changes

   Spells                             Type                      Level
   a - Beastly Appendage              Transmutation                1
   b - Sticks to Snakes               Transmutation                2
   c - Spider Form                    Transmutation/Poison         3
   d - Ice Form                       Ice/Transmutation            4
   e - Blade Hands                    Transmutation                5
 m - a book of Misfortune

   Spells                             Type                      Level
   a - Confusing Touch                Hexes                        1
   b - Confuse                        Hexes                        3
   c - Gell's Gravitas                Hexes/Translocation          3
   d - Petrify                        Transmutation/Earth          4
   e - Metabolic Englaciation         Hexes/Ice                    5
   f - Yara's Violent Unravelling     Hexes/Transmutation          5


   Skills:
 - Level 8.2 Fighting
 - Level 5.3 Maces & Flails
 * Level 9.6 Armour
 - Level 8.7 Dodging
   Level 1.5 Shields
 * Level 5.2 Spellcasting
 * Level 4.0 Hexes
 - Level 1.0 Translocations
   Level 1.0 Transmutations


You had 16 spell levels left.
You knew the following spells:

 Your Spells              Type           Power        Failure   Level  Hunger
a - Apportation           Tloc           #.........   10%         1    N/A
b - Confuse               Hex            ###.....     10%         3    N/A

Dungeon Overview and Level Annotations

Branches:
Dungeon (11/15)            Temple (1/1) D:6            Lair (0/6) D:11
    Orc (0/2) D:10

Altars:
Ashenzari
Cheibriados
Dithmenos
Elyvilon
Fedhas
Gozag
Hepliaklqana
Kikubaaqudgha
Makhleb
Nemelex Xobeh
Okawaru
Qazlal
Ru
Sif Muna
Trog
Uskayaw
Vehumet
Xom
Yredelemnul
Zin
The Shining One

Shops:
D:8 ?   D:9 [


Innate Abilities, Weirdness & Mutations

You do not eat or drink.
Your flesh is vulnerable to fire.
You are immune to poison.
Your flesh is cold resistant. (rC+)
You are immune to negative energy. (rN+++)
You are immune to unholy pain and torment.
You can survive without breathing.


Message History

The wolf spider zombie hits you.
* * * LOW HITPOINT WARNING * * *
The wolf spider zombie barely misses you.
As you read the scroll of teleportation, it crumbles to dust.
You feel strangely unstable. The wolf spider zombie hits you!
* * * LOW HITPOINT WARNING * * *
The wolf spider zombie barely misses you. [a] - 0 gold - resistance and agility [b] - 0 gold - heal wounds and berserk rage [c] - 0 gold - haste, agility, might and brilliance Purchase which effect?
You feel much better.
You cannot raise a blood rage in your lifeless body.
The wolf spider zombie hits you.
* * * LOW HITPOINT WARNING * * *
The wolf spider zombie bites you.
* * * LOW HITPOINT WARNING * * *
The ogre hits you with a giant club!!
You die...
Your body crumbles into a pile of gold.

..................
.........#########
#######..# #..# #..#
#############..#
............%..####
.......Z............?...
#####.@################
#.O# #..# #..# ....
..... ..... #######


You could see an ogre and a wolf spider zombie.

Vanquished Creatures
  A hydra (D:8)
  Erica (D:8)
  A hill giant (D:10)
  Pikel (D:5)
  Joseph (D:8)
  Psyche (D:8)
  A centaur skeleton (D:6)
  2 two-headed ogres
  2 trolls
  2 dream sheep (D:8)
  2 hippogriffs
  17 yaks
  A wyvern (D:10)
  A hungry ghost (D:8)
  2 steam dragons
  A warg (D:9)
  A soldier ant (D:11)
  A water moccasin (D:10)
  2 ice beasts
  6 orc warriors
  4 sky beasts
  A black bear (D:9)
  3 phantoms
  A slave (D:5)
  A necrophage (D:11)
  3 centaurs
  9 ogres
  2 crocodiles
  Blork the orc (D:5)
  5 big kobolds
  7 bullfrogs
  13 killer bees
  3 scorpions
  A centaur zombie (D:6)
  A howler monkey (D:5)
  3 crimson imps
  A bullfrog zombie (D:9)
  A quasit (D:11)
  A hound (D:5)
  13 orc priests
  2 bullfrog skeletons
  4 jellies
  20 orc wizards
  4 iguanas
  Crazy Yiuf (D:6)
  Natasha (thrice) (D:3)
  8 worker ants
  Terence (D:3)
  A killer bee zombie (D:9)
  A hound zombie (D:5)
  2 hound skeletons
  8 gnolls (D:5)
  13 adders
  7 river rats
  2 shadow imps
  2 oozes
  An adder zombie (D:2)
  3 worms
  8 leopard geckos
  36 orcs
  9 giant cockroaches
  11 goblins
  10 hobgoblins
  15 jackals
  6 quokkas
  6 ball pythons
  A ball python skeleton (D:2)
  16 bats
  4 frilled lizards
  14 kobolds
  A leopard gecko zombie (D:2)
  A quokka zombie (D:6)
  25 rats
367 creatures vanquished.

Vanquished Creatures (collateral kills)
  Gastronok (D:8)
  A hound (D:8)
2 creatures vanquished.

Vanquished Creatures (others)
  A howler monkey (D:5)
  2 jackals (D:5)
  5 fungi (D:11)
  3 plants (D:5)
11 creatures vanquished.

Grand Total: 380 creatures vanquished

Notes
Turn   | Place    | Note
-------+----------+-------------------------------------------
     0 | D:1      | Chiseanne the Mummy Wanderer began the quest for the Orb.
     0 | D:1      | Chiseanne set off with: a book of Changes, Jeiblionk's Compendium of Evil, a +0 ring mail, a +0 club
     0 | D:1      | Reached XP level 1. HP: 15/15 MP: 4/4
     0 | D:1      | Identified Jeiblionk's Compendium of Evil
   464 | D:1      | Reached XP level 2. HP: 17/22 MP: 6/6
  1324 | D:1      | Reached XP level 3. HP: 26/27 MP: 7/7
  1885 | D:1      | Reached skill level 1 in Dodging
  2440 | D:2      | Found a glowing golden altar of the Shining One.
  2850 | D:2      | Found a shadowy altar of Dithmenos.
  2851 | D:2      | Found a bloodstained altar of Trog.
  3338 | D:3      | Reached XP level 4. HP: 33/33 MP: 8/8
  3364 | D:4      | Reached skill level 2 in Armour
  3579 | D:4      | Reached XP level 5. HP: 35/38 MP: 9/9
  3634 | D:4      | Found a glowing drain.
  3638 | Sewer    | Entered a sewer
  4001 | Sewer    | Found a white marble altar of Elyvilon.
  4122 | D:4      | Reached XP level 6. HP: 38/44 MP: 10/10
  4128 | D:4      | Reached skill level 3 in Armour
  4317 | D:3      | Noticed Natasha
  4324 | D:3      | Killed Natasha
  4382 | D:3      | Noticed Natasha
  4396 | D:3      | Killed Natasha
  4693 | D:3      | Found a deep blue altar of Sif Muna.
  4712 | D:3      | Noticed Terence
  4735 | D:3      | Killed Terence
  4896 | D:3      | Noticed Natasha
  4908 | D:3      | Killed Natasha
  4912 | D:3      | Reached XP level 7. HP: 35/50 MP: 11/11
  5619 | D:5      | Entered Level 5 of the Dungeon
  5840 | D:5      | Reached skill level 4 in Armour
  6004 | D:5      | Found a hide-covered altar of Uskayaw.
  6155 | D:5      | Reached XP level 8. HP: 19/56 MP: 12/12
  6422 | D:5      | Noticed Blork the orc
  6450 | D:5      | Killed Blork the orc
  6550 | D:5      | Noticed Pikel
  6574 | D:5      | Killed Pikel
  6574 | D:5      | Reached skill level 5 in Maces & Flails
  6574 | D:5      | Reached skill level 5 in Armour
  6574 | D:5      | Reached skill level 5 in Dodging
  7037 | D:5      | Reached XP level 9. HP: 51/62 MP: 13/13
  7448 | D:6      | Reached skill level 6 in Armour
  7489 | D:6      | Found an iron altar of Okawaru.
  7494 | D:6      | Got a scorched cloak
  7498 | D:6      | Identified the +0 cloak "Emecsepi" {Str+9 Dex-3 SInv} (You found it on level 6 of the Dungeon)
  7524 | D:6      | Found a staircase to the Ecumenical Temple.
  7537 | Temple   | Entered the Ecumenical Temple
  8002 | D:6      | Got a bloodstained whip
  8005 | D:6      | Identified the +7 whip "Wownoggi" {venom, *Corrode MR- Int+8} (You found it on level 6 of the Dungeon)
  8115 | D:6      | Found a sacrificial altar of Ru.
  8115 | D:6      | Found a hide-covered altar of Uskayaw.
  8285 | D:6      | Learned a level 1 spell: Apportation
  8321 | D:6      | Found a runed door.
  8501 | D:6      | Noticed Crazy Yiuf
  8508 | D:6      | Killed Crazy Yiuf
  8570 | D:7      | Found an opulent altar of Gozag.
  8574 | D:7      | Became a worshipper of Gozag Ym Sagoz the Greedy
  9172 | D:7      | Found a sparkling altar of Nemelex Xobeh.
  9285 | D:7      | Found a glowing silver altar of Zin.
  9444 | D:8      | Reached skill level 5 in Fighting
  9542 | D:8      | Noticed Erica
  9554 | D:8      | Reached skill level 7 in Armour
  9567 | D:8      | Killed Erica
  9567 | D:8      | Reached XP level 10. HP: 74/75 MP: 14/14
  9591 | D:8      | Noticed Psyche
  9601 | D:8      | Killed Psyche
  9699 | D:8      | Noticed Gastronok
  9717 | D:8      | Killed Gastronok
  9806 | D:8      | Reached skill level 8 in Armour
  9826 | D:8      | Noticed a three-headed hydra
  9836 | D:8      | Killed a one-headed hydra
  9844 | D:8      | Got an encrusted halberd
 10127 | D:8      | Noticed Joseph
 10150 | D:8      | Killed Joseph
 10421 | D:8      | Reached XP level 11. HP: 66/84 MP: 15/15
 10463 | D:8      | Found Aloess's Magic Scroll Emporium.
 10511 | D:8      | Bought a scroll of random uselessness for 11 gold pieces
 10744 | D:9      | Got a jewelled trident
 10759 | D:9      | Identified the cursed +0 trident of Vaag {flame, *Rage MP+9 Dex+7} (You found it on level 9 of the Dungeon)
 11401 | D:9      | Got a pitted chain mail
 11715 | D:9      | Found a hazy altar of Hepliaklqana.
 11937 | D:9      | Identified the cursed +1 chain mail of Whack-A-Mole {*Corrode Int+6 Stlth+} (You found it on level 9 of the Dungeon)
 11942 | D:9      | Learned a level 3 spell: Confuse
 11987 | D:10     | Entered Level 10 of the Dungeon
 11987 | D:10     | Found a staircase to the Orcish Mines.
 12005 | D:9      | Identified the cursed +2 halberd "Teliusm" {drain, rPois Int+2} (You found it on level 8 of the Dungeon)
 12033 | D:9      | Bought a shadowed robe for 176 gold pieces
 12046 | D:9      | Reached skill level 1 in Hexes
 12126 | D:10     | Reached skill level 9 in Armour
 12145 | D:9      | Identified the +1 robe of Autumn {+Inv MR++ Dex-3} (You bought it in a shop on level 9 of the Dungeon)
 12277 | D:10     | Noticed a hill giant
 12300 | D:10     | Killed a hill giant
 13345 | D:9      | Bought a steaming robe for 176 gold pieces
 13356 | D:9      | Identified the cursed +0 robe "Ycino" {Int+4} (You bought it in a shop on level 9 of the Dungeon)
 13397 | D:8      | Bought a scroll of blinking for 82 gold pieces
 13397 | D:8      | Bought a scroll of remove curse for 33 gold pieces
 15061 | D:11     | Found a staircase to the Lair.
 15398 | D:11     | Noticed a cyan ugly thing
 15437 | D:10     | Reached skill level 5 in Spellcasting
 15874 | D:11     | HP: 3/86 [wolf spider zombie (8)]
 15875 | D:11     | Demolished by an ogre

Skill      XL: |  1  2  3  4  5  6  7  8  9 10 11 |
---------------+----------------------------------+-----
Fighting       | 2 5 7 8 |  8.2
Dodging        | 1 2 3 4 5 7 8 |  8.7
Armour         | 2 3 4 5 7 8 9 |  9.6
Maces & Flails | 2 3 4 5 |  5.3
Hexes          | 4 |  4.0
Spellcasting   | 5 |  5.2
Shields        | |  1.5
Translocations | |  1.0
Transmutations | |  1.0

Action                   |  1- 3 |  4- 6 |  7- 9 | 10-12 || total
-------------------------+-------+-------+-------+-------++-------
Melee: Club              |   197 |       |       |       ||   197
       Whip              |    64 |   200 |   410 |   623 ||  1297
       Flail             |       |       |    12 |       ||    12
       Scimitar          |       |       |       |     4 ||     4
       Dagger            |       |       |       |    44 ||    44
 Fire: Hunting sling     |       |       |     3 |    25 ||    28
 Cast: Confuse           |       |       |       |    17 ||    17
Invok: Potion Petition   |       |       |       |     1 ||     1
       Call Merchant     |       |       |       |     1 ||     1
Evoke: Wand              |       |     3 |    18 |     3 ||    24
  Use: Scroll            |     4 |     3 |    13 |    12 ||    32
 Stab: Distracted        |       |       |       |     4 ||     4
       Confused          |       |       |       |     4 ||     4
Armor: Ring mail         |   120 |    52 |   103 |       ||   275
       Chain mail        |       |       |    91 |   183 ||   274
       Robe              |       |       |       |    78 ||    78
Dodge: Dodged            |   155 |   107 |   218 |   437 ||   917
       Rpst.: Scimitar   |       |       |       |     1 ||     1
